 Dungeon Crawl Stone Soup version 0.29-a0-468-ge57f7f99b4 (webtiles) character file.

Game seed: 13453079452234415541

18 dabmancer the Magician (level 2, 0/20 HPs)
             Began as a Draconian Hedge Wizard on May 21, 2022.
             Was a Follower of Zin.
             Slain by a kobold
             ... wielding a +0 dagger
              (3 damage)
             ... on level 2 of the Dungeon.
             The game lasted 00:07:09 (1134 turns).

dabmancer the Magician (Draconian Hedge Wizard)     Turns: 1134, Time: 00:07:10

Health: 0/20       AC:  4    Str: 12    XL:     2   Next: 48%
Magic:  2/6        EV: 12    Int: 14    God:    Zin [*.....]
Gold:   44         SH:  0    Dex: 10    Spells: 6/8 levels left

rFire   . . .      SeeInvis .   h - +0 club
rCold   . . .      Faith    .   (no shield)
rNeg    . . .      Spirit   .   (body armour unavailable)
rPois   .          Reflect  .   b - +0 hat
rElec   .          Harm     .   (no cloak)
rCorr   .          Rampage  .   (no gloves)
Will    .....                   (no boots)
Stlth   ++........              (no amulet)
HPRegen 0.06/turn               (no ring)
MPRegen 0.10/turn               (no ring)

@: no status effects
A: AC +4, unfitting armour, cold-blooded
a: Renounce Religion, Recite, Donate Gold


You were on level 2 of the Dungeon.
You worshipped Zin.
Zin was aware of your devotion.
You visited 1 branch of the dungeon, and saw 2 of its levels.

You collected 48 gold pieces.
You donated 4 gold pieces to Zin.

Inventory:

Hand Weapons
 a - a +0 dagger
 h - a +0 club (weapon)
Missiles
 f - 44 stones
Armour
 b - a +0 hat (worn)
 g - a +0 helmet
Scrolls
 e - 3 scrolls of amnesia {unknown}
 i - a scroll of teleportation {unknown}
 l - a scroll of blinking {unknown}
 m - a scroll of vulnerability {unknown}
 n - a scroll of torment {unknown}
 o - a scroll of acquirement {unknown}
Potions
 c - 2 potions of magic
 d - a potion of curing {unknown}
 j - 2 potions of heal wounds {unknown}
 k - 2 potions of ambrosia {unknown}


   Skills:
 + Level 1.9 Dodging
 + Level 1.7 Stealth
 + Level 3.6 Spellcasting
 + Level 1.0 Conjurations
 + Level 1.0 Summonings
 + Level 1.0 Translocations


You had 6 spell levels left.
You knew the following spells:

 Your Spells              Type           Power      Damage    Failure   Level
a - Magic Dart            Conj           20%        1d4       13%         1
b - Shock                 Conj/Air       16%        1d4       16%         1

Your spell library contained the following spells:

 Spells                   Type           Power      Damage    Failure   Level
 Slow                     Hex            8%         N/A       21%         1
 Blink                    Tloc           10%        N/A       21%         2
 Call Imp                 Summ           5%         N/A       21%         2
 Call Canine Familiar     Summ           5%         N/A       36%         3
 Conjure Flame            Conj/Fire      4%         6-21      43%         3
 Dazzling Flash           Conj/Hex       8%         N/A       43%         3
 Portal Projectile        Hex/Tloc       6%         N/A       43%         3
 Mephitic Cloud           Conj/Pois/Air  3%         N/A       45%         3
 Swiftness                Air            2%         N/A       52%         3
 Airstrike                Air            1%         N/A       89%         4
 Anguish                  Hex/Necr       1%         N/A       89%         4
 Leda's Liquefaction      Hex/Erth       1%         N/A       89%         4
 Agony                    Necr           2%         N/A       99%         5
 Silence                  Hex/Air        1%         N/A       99%         5
 Enfeeble                 Hex            1%         N/A       100%        7


Dungeon Overview and Level Annotations

Branches:
Dungeon (2/15)

Altars:
Zin

Shops:
D:1 [   D:2 ?

Annotations:
D:2 Natasha


Innate Abilities, Weirdness & Mutations

Your plain brown scales are hard. (AC +4)
You cannot fit into any form of body armour.
You are cold-blooded and may be slowed by cold attacks.


Message History

You see here a quokka skeleton.
Done exploring.
Done exploring.
There is an open door here.
There is an entrance to Zarghosud's Antique Armour Boutique here.
You have 44 gold pieces.
Done exploring.
There is an open door here.
There is a stone staircase leading down here.
You climb downwards.
The kobold shouts!
Found Momah's Magic Scroll Shoppe.
There is a stone staircase leading up here.
The magic dart hits Natasha.
Natasha is moderately wounded.
The magic dart hits Natasha but does no damage.
Natasha is moderately wounded.
Natasha growls.
Natasha zaps a wand.
The puff of flame hits you!
Ouch! That really hurt!
You are too injured to fight recklessly!
You are too injured to fight recklessly!
You are too injured to fight recklessly!
Aiming: Magic Dart (safe; 13% risk of failure)
Press: ? - help, Q - select action, (/) - cycle Shift-Dir - straight line, f/p - Natasha
Aim: Natasha, carrying a wand of flame (7) (moderately wounded, 100% to hit)
The magic dart hits Natasha.
Natasha is moderately wounded.
Aiming: Magic Dart (safe; 13% risk of failure)
Press: ? - help, Q - select action, (/) - cycle Shift-Dir - straight line, f/p - Natasha
Aim: Natasha, carrying a wand of flame (7) (moderately wounded, 100% to hit)
The magic dart hits Natasha.
Natasha is heavily wounded.
The kobold hits you with a +0 dagger.
You hit Natasha.
Natasha is heavily wounded.
Natasha zaps a wand.
The puff of flame hits you.
* * * LOW HITPOINT WARNING * * *
The kobold hits you with a +0 dagger.
You die...

######
......#
.......##
........#
........#
..∩.....#
.......K#
......h@#
.......##
......#
######


You could see Natasha and a kobold.

Vanquished Creatures
  3 ball pythons (D:1)
  2 bats (D:1)
  4 goblins (D:1)
  A hobgoblin (D:1)
  3 kobolds (D:1)
  A quokka (D:1)
  2 rats (D:1)
16 creatures vanquished.

Notes
Turn   | Place    | Note
-------+----------+-------------------------------------------
     0 | D:1      | dabmancer the Draconian Hedge Wizard began the quest for
                  | the Orb.
     0 | D:1      | Reached XP level 1. HP: 14/14 MP: 4/4
    59 | D:1      | Learned a level 1 spell: Shock
   132 | D:1      | Found Zarghosud's Antique Armour Boutique.
   668 | D:1      | Reached XP level 2. HP: 20/20 MP: 0/6
   930 | D:1      | Found a faded altar of an unknown god.
   944 | D:1      | Prayed at the altar of an unknown god.
   944 | D:1      | Became a worshipper of Zin the Law-Giver
   944 | D:1      | Reached * piety under Zin
  1129 | D:2      | Noticed Natasha
  1129 | D:2      | Found Momah's Magic Scroll Shoppe.
  1134 | D:2      | Slain by a kobold

Illustrated notes

Levels and vault maps discovered:
D:1:      ebering_trefoil_3fold, layout_basic, basic_ecumenical_altar,
          serial_shops, nicolae_shop_hallway_plus
D:2:      layout_rooms, serial_shops, shop, ebering_dispersal_statue_hall,
          minmay_pentomino_v4, uniq_natasha, uniq_sigmund

Action                   || total
-------------------------++-------
Melee: Club              ||    24
       Dagger            ||     1
       Tailslap          ||     1
Throw: Stone             ||     6
 Cast: Magic Dart        ||    30
       Shock             ||     4
Armor: Skin              ||    12
Dodge: Dodged            ||    18

Table legend: (Time is in decaauts)
 A = Elapsed time spent in this place.
 B = Non-inter-level travel time spent in this place.
 C = Inter-level travel time spent in this place.
 D = Time resting spent in this place.
 E = Time spent auto-exploring this place.
 F = Levels seen in this place.
 G = Mean time per level.
                   A        B        C        D        E       F      G
               +--------+--------+--------+--------+--------+-----+--------+
         Total |   1140 |   1140 |      0 |     52 |    905 |   2 |  570.0 |
       Dungeon |   1140 |   1140 |      0 |     52 |    905 |   2 |  570.0 |
               +--------+--------+--------+--------+--------+-----+--------+

Top non-repeatable levels by time:
     D:1: 1136 daAuts
     D:2: 4 daAuts
